NYP
SALEM-KEIZER VOLCANOES @ CINCINNATI (NYP) REDS
08/20/2045
 
TOP OF THE 1ST
Salem-Keizer Volcanoes batting - Pitching for Cincinnati (NYP) Reds : RHP Dave Baber
Pitching: RHP Dave Baber
Batting: LHB Pat Aviles 0-0: Called Strike
0-1: Foul Ball, location: 2F
0-2: Strikes out swinging
Batting: LHB Alexis Cantu 0-0: Foul Ball, location: 2F
0-1: Foul Ball, location: 2F
0-2: Strikes out swinging
Batting: LHB Gabe Velez 0-0: Ball
1-0: Ball
2-0: Called Strike
2-1: Ball
3-1: Called Strike
3-2: Strikes out looking
Top of the 1st over - 0 runs, 0 hits, 0 errors, 0 left on base; Salem-Keizer 0 - Cincinnati (NYP) 0
BOTTOM OF THE 1ST
Cincinnati (NYP) Reds batting - Pitching for Salem-Keizer Volcanoes : LHP Chong-yeol Wong
Pitching: LHP Chong-yeol Wong
Batting: RHB Ryan Short 0-0: Ball
1-0: Swinging Strike
1-1: Swinging Strike
1-2: Strikes out looking
Batting: RHB Eric Sullivan 0-0: Swinging Strike
0-1: Ground out 6-3 (Groundball, 6, EV 76.2 MPH)
Batting: RHB Pedro Pinero 0-0: Ball
1-0: Foul Ball, location: 2F
1-1: DOUBLE (Flyball, 89D, EV 110.6 MPH)
Batting: RHB Ben Hinman 0-0: SINGLE (Groundball, 6MD, EV 101.9 MPH)
Pedro Pinero to third
Runner from 3rd tries for Home, SAFE, throw by CF to home
Batting: RHB Jonathan Davis 0-0: Called Strike
0-1: Swinging Strike
0-2: Strikes out swinging
Bottom of the 1st over - 1 run, 2 hits, 0 errors, 1 left on base; Salem-Keizer 0 - Cincinnati (NYP) 1
TOP OF THE 2ND
Salem-Keizer Volcanoes batting - Pitching for Cincinnati (NYP) Reds : RHP Dave Baber
Now at 2B: Akira Yamano
Batting: RHB Omar Jordan 0-0: Called Strike
0-1: Foul Ball, location: 2F
0-2: Ball
1-2: Strikes out swinging
Batting: SHB David Barona 0-0: Swinging Strike
0-1: Ground out 6-3 (Groundball, 4M, EV 84.4 MPH)
Batting: RHB Dinand Brouwer 0-0: Ball
1-0: Ball
2-0: Ball
3-0: Foul Ball, location: 2F
3-1: SINGLE (Groundball, 4MD, EV 104.4 MPH)
Batting: LHB Ryan Anderson 0-0: Swinging Strike
0-1: Ball
1-1: Ball
Wild Pitch!
Dinand Brouwer to second
2-1: SINGLE (Groundball, 4MD, EV 97.5 MPH)
Dinand Brouwer to third
Runner from 3rd tries for Home, SAFE, throw by CF to home
Ryan Anderson to second
Batting: RHB Dave Crouch 0-0: Called Strike
0-1: Ball
1-1: Swinging Strike
1-2: Strikes out looking
Top of the 2nd over - 1 run, 2 hits, 0 errors, 1 left on base; Salem-Keizer 1 - Cincinnati (NYP) 1
BOTTOM OF THE 2ND
Cincinnati (NYP) Reds batting - Pitching for Salem-Keizer Volcanoes : LHP Chong-yeol Wong
Batting: RHB Matt Silva 0-0: SINGLE (Line Drive, 8LM, EV 95.0 MPH)
Batting: LHB Brian Snyder 0-0: Ball
1-0: Ball
2-0: Fielders Choice at 2nd, 4-6 (Groundball, 4MS, EV 82.5 MPH)
Batting: SHB Plácido Barrrenho 0-0: Ball
1-0: Ball
2-0: Called Strike
2-1: Ball
3-1: Foul Ball, location: 2F
3-2: Foul Ball, location: 2F
3-2: Fly out, F7 (Flyball, 7LM, EV 83.8 MPH)
Batting: RHB Pete Orban 0-0: Called Strike
0-1: Called Strike
0-2: Fly out, F7 (Line Drive, 7D, EV 90.6 MPH)
Bottom of the 2nd over - 0 runs, 1 hit, 0 errors, 1 left on base; Salem-Keizer 1 - Cincinnati (NYP) 1
TOP OF THE 3RD
Salem-Keizer Volcanoes batting - Pitching for Cincinnati (NYP) Reds : RHP Dave Baber
Batting: RHB Alfredo Lemus 0-0: Ball
1-0: Ball
2-0: SINGLE (Line Drive, 6D, EV 97.5 MPH)
Batting: LHB Pat Aviles 0-0: Ground out 4-3 (Groundball, 34, EV 101.9 MPH)
Alfredo Lemus to second
Batting: LHB Alexis Cantu 0-0: Ball
1-0: Foul Ball, location: 2F
1-1: SINGLE (Line Drive, 89S, EV 104.4 MPH)
Alfredo Lemus to third
Batting: LHB Gabe Velez 0-0: Called Strike
0-1: Ball
1-1: SINGLE (Groundball, 4MD, EV 100.0 MPH)
Alfredo Lemus scores
Alexis Cantu to second
Batting: RHB Omar Jordan 0-0: Foul Ball, location: 2F
0-1: Foul Ball, location: 2F
0-2: Ball
1-2: Ball
2-2: Foul Ball, location: 2F
2-2: Strikes out looking
Batting: SHB David Barona 0-0: Ball
1-0: Swinging Strike
1-1: Called Strike
1-2: Fielders Choice at 2nd, 6-4 (Groundball, 4M, EV 103.1 MPH)
Top of the 3rd over - 1 run, 3 hits, 0 errors, 2 left on base; Salem-Keizer 2 - Cincinnati (NYP) 1
BOTTOM OF THE 3RD
Cincinnati (NYP) Reds batting - Pitching for Salem-Keizer Volcanoes : LHP Chong-yeol Wong
Batting: RHB Ryan Short 0-0: Ball
1-0: Called Strike
1-1: Called Strike
1-2: Foul Ball, location: 2F
1-2: Strikes out swinging
Batting: RHB Eric Sullivan 0-0: Ball
1-0: Ball
2-0: Called Strike
2-1: Ball
3-1: Foul Ball, location: 2F
3-2: Base on Balls
Batting: LHB Akira Yamano 0-0: Ball
Eric Sullivan steals 2nd base (no throw)
1-0: Swinging Strike
1-1: Ball
2-1: Foul Ball, location: 2F
2-2: Strikes out swinging
Batting: RHB Ben Hinman 0-0: Called Strike
0-1: Ground out 1-3 (Groundball, P, EV 70.0 MPH)
Bottom of the 3rd over - 0 runs, 0 hits, 0 errors, 1 left on base; Salem-Keizer 2 - Cincinnati (NYP) 1
TOP OF THE 4TH
Salem-Keizer Volcanoes batting - Pitching for Cincinnati (NYP) Reds : RHP Dave Baber
Batting: RHB Dinand Brouwer 0-0: Swinging Strike
0-1: Foul Ball, location: 2F
0-2: Ball
1-2: Ball
2-2: Foul Ball, location: 2F
2-2: Fly out, F2 (Popup, 3SF, EV 75.0 MPH)
Batting: LHB Ryan Anderson 0-0: Ball
1-0: Ball
2-0: Ball
3-0: Called Strike
3-1: Foul Ball, location: 2F
3-2: Strikes out swinging
Batting: RHB Dave Crouch 0-0: Called Strike
0-1: Ball
1-1: Ball
2-1: Ball
3-1: Base on Balls
Batting: RHB Alfredo Lemus 0-0: Ball
1-0: Ball
2-0: Called Strike
2-1: Ball
3-1: Ground out 4-3 (Groundball, 4, EV 85.0 MPH)
Top of the 4th over - 0 runs, 0 hits, 0 errors, 1 left on base; Salem-Keizer 2 - Cincinnati (NYP) 1
BOTTOM OF THE 4TH
Cincinnati (NYP) Reds batting - Pitching for Salem-Keizer Volcanoes : LHP Chong-yeol Wong
Batting: RHB Jonathan Davis 0-0: Called Strike
0-1: Ground out 3-1 (Groundball, 34S, EV 90.0 MPH)
Batting: RHB Matt Silva 0-0: Ball
1-0: Called Strike
1-1: Ball
2-1: Ground out 3-1 (Groundball, 34S, EV 86.2 MPH)
Batting: LHB Brian Snyder 0-0: Ball
1-0: Ground out 4-3 (Groundball, 4, EV 103.8 MPH)
Bottom of the 4th over - 0 runs, 0 hits, 0 errors, 0 left on base; Salem-Keizer 2 - Cincinnati (NYP) 1
TOP OF THE 5TH
Salem-Keizer Volcanoes batting - Pitching for Cincinnati (NYP) Reds : RHP Dave Baber
Batting: LHB Pat Aviles 0-0: Swinging Strike
0-1: Foul Ball, location: 2F
0-2: Ball
1-2: Foul Ball, location: 2F
1-2: Strikes out swinging
Batting: LHB Alexis Cantu 0-0: Ball
1-0: Hit by Pitch
Batting: LHB Gabe Velez 0-0: Ball
1-0: Called Strike
1-1: Ball
2-1: Fly out, F6 (Popup, 6S, EV 61.2 MPH)
Batting: RHB Omar Jordan 0-0: Ball
1-0: Swinging Strike
1-1: Called Strike
1-2: Ball
2-2: Ball
3-2: Foul Ball, location: 2F
3-2: Strikes out swinging
Top of the 5th over - 0 runs, 0 hits, 0 errors, 1 left on base; Salem-Keizer 2 - Cincinnati (NYP) 1
BOTTOM OF THE 5TH
Cincinnati (NYP) Reds batting - Pitching for Salem-Keizer Volcanoes : LHP Chong-yeol Wong
Batting: SHB Plácido Barrrenho 0-0: Fly out, F8 (Line Drive, 8RM, EV 95.6 MPH)
Batting: RHB Pete Orban 0-0: Called Strike
0-1: Called Strike
0-2: Strikes out swinging
Batting: RHB Ryan Short 0-0: Fly out, F9 (Flyball, 89D, EV 101.9 MPH)
Bottom of the 5th over - 0 runs, 0 hits, 0 errors, 0 left on base; Salem-Keizer 2 - Cincinnati (NYP) 1
TOP OF THE 6TH
Salem-Keizer Volcanoes batting - Pitching for Cincinnati (NYP) Reds : RHP Dave Baber
Batting: SHB David Barona 0-0: Ball
1-0: Foul Ball, location: 2F
1-1: Ball
2-1: Foul Ball, location: 2F
2-2: Fly out, F9 (Flyball, 89D, EV 97.5 MPH)
Batting: RHB Dinand Brouwer 0-0: Ball
1-0: Fly out, F8 (Flyball, 8RM, EV 81.9 MPH)
Batting: LHB Ryan Anderson 0-0: Called Strike
0-1: Ball
1-1: Called Strike
1-2: Ball
2-2: Ground out U3 (Groundball, 3, EV 104.4 MPH)
Top of the 6th over - 0 runs, 0 hits, 0 errors, 0 left on base; Salem-Keizer 2 - Cincinnati (NYP) 1
BOTTOM OF THE 6TH
Cincinnati (NYP) Reds batting - Pitching for Salem-Keizer Volcanoes : LHP Chong-yeol Wong
Batting: RHB Eric Sullivan 0-0: Ball
1-0: Ball
2-0: Called Strike
2-1: Ball
3-1: Called Strike
3-2: Base on Balls
Batting: LHB Akira Yamano 0-0: Called Strike
0-1: Called Strike
0-2: Ball
1-2: Ball
2-2: Strikes out swinging
Batting: RHB Ben Hinman 0-0: Called Strike
0-1: Ball
1-1: Ball
2-1: Fly out, F9 (Flyball, 9LS, EV 93.1 MPH)
Batting: RHB Jonathan Davis 0-0: Ball
Eric Sullivan steals 2nd base
1-0: Called Strike
1-1: Ball
2-1: Ground out 4-3 (Groundball, 34, EV 106.2 MPH)
Bottom of the 6th over - 0 runs, 0 hits, 0 errors, 1 left on base; Salem-Keizer 2 - Cincinnati (NYP) 1
TOP OF THE 7TH
Salem-Keizer Volcanoes batting - Pitching for Cincinnati (NYP) Reds : RHP Dave Baber
Pitching: RHP Jeremy Seitz
Batting: RHB Dave Crouch 0-0: Ball
1-0: Called Strike
1-1: Fly out, F9 (Flyball, 9LM, EV 93.8 MPH)
Batting: RHB Alfredo Lemus 0-0: Called Strike
0-1: Swinging Strike
0-2: Foul Ball, location: 2F
0-2: Foul Ball, location: 2F
0-2: Strikes out swinging
Batting: LHB Pat Aviles 0-0: Ball
1-0: Ball
2-0: SOLO HOME RUN (Flyball, 78XD, EV 108.1 MPH), Distance : 430 ft
Batting: LHB Alexis Cantu 0-0: SINGLE (Groundball, 56D, EV 96.2 MPH)
Batting: LHB Gabe Velez 0-0: Foul Ball, location: 2F
0-1: Swinging Strike
0-2: Ball
1-2: Strikes out looking
Top of the 7th over - 1 run, 2 hits, 0 errors, 1 left on base; Salem-Keizer 3 - Cincinnati (NYP) 1
BOTTOM OF THE 7TH
Cincinnati (NYP) Reds batting - Pitching for Salem-Keizer Volcanoes : LHP Chong-yeol Wong
Pitching: RHP Dylan Mosley
Batting: RHB Matt Silva 0-0: Ball
1-0: Called Strike
1-1: Ball
2-1: Swinging Strike
2-2: Strikes out looking
Batting: LHB Brian Snyder 0-0: Called Strike
0-1: Ball
1-1: Swinging Strike
1-2: Foul Ball, location: 2F
1-2: Foul Ball, location: 2F
1-2: Strikes out looking
Batting: SHB Plácido Barrrenho 0-0: Called Strike
0-1: Swinging Strike
0-2: Strikes out swinging
Bottom of the 7th over - 0 runs, 0 hits, 0 errors, 0 left on base; Salem-Keizer 3 - Cincinnati (NYP) 1
TOP OF THE 8TH
Salem-Keizer Volcanoes batting - Pitching for Cincinnati (NYP) Reds : RHP Jeremy Seitz
Batting: RHB Omar Jordan 0-0: Called Strike
0-1: Ball
1-1: Foul Ball, location: 2F
1-2: Strikes out swinging
Batting: SHB David Barona 0-0: Called Strike
0-1: Ball
1-1: Ball
2-1: Called Strike
2-2: Ball
3-2: Base on Balls
Batting: RHB Dinand Brouwer 0-0: Called Strike
David Barona steals 2nd base
0-1: Swinging Strike
0-2: Foul Ball, location: 2F
0-2: SINGLE (Line Drive, 9S, EV 96.9 MPH)
David Barona to third
Runner from 3rd tries for Home, SAFE, throw by RF to home
Dinand Brouwer to second
Batting: LHB Ryan Anderson 0-0: Intentional Walk
Batting: RHB Dave Crouch 0-0: Ball
1-0: Called Strike
1-1: Foul Ball, location: 2F
1-2: Ball
2-2: Ball
3-2: SINGLE (Groundball, 56D, EV 95.0 MPH)
Dinand Brouwer to third
Ryan Anderson to second
Runner from 3rd tries for Home, SAFE, throw by LF to home
Pitching: RHP Dave Hammertime
Batting: RHB Alfredo Lemus 0-0: Called Strike
0-1: Ball
1-1: Ball
2-1: Ball
3-1: Foul Ball, location: 2F
3-2: Strikes out swinging
Batting: LHB Pat Aviles 0-0: Ball
1-0: 3-RUN HOME RUN (Flyball, 9D, EV 98.1 MPH), Distance : 387 ft
Batting: LHB Alexis Cantu 0-0: Called Strike
0-1: Ball
1-1: Foul Ball, location: 2F
1-2: Ground out 6-3 (Groundball, 6, EV 80.6 MPH)
Top of the 8th over - 5 runs, 3 hits, 0 errors, 0 left on base; Salem-Keizer 8 - Cincinnati (NYP) 1
BOTTOM OF THE 8TH
Cincinnati (NYP) Reds batting - Pitching for Salem-Keizer Volcanoes : RHP Dylan Mosley
Pinch Hitting: LHB Curt Johnson 0-0: Called Strike
0-1: Swinging Strike
0-2: Strikes out looking
Pinch Hitting: LHB James Himes 0-0: Ball
1-0: Ground out 6-3 (Groundball, 6, EV 103.1 MPH)
Pinch Hitting: LHB Pablo Ordonez 0-0: Ball
1-0: Ball
2-0: Ball
3-0: Called Strike
3-1: Called Strike
3-2: Foul Ball, location: 2F
3-2: Foul Ball, location: 2F
3-2: Fly out, F9 (Flyball, 89M, EV 88.8 MPH)
Bottom of the 8th over - 0 runs, 0 hits, 0 errors, 0 left on base; Salem-Keizer 8 - Cincinnati (NYP) 1
TOP OF THE 9TH
Salem-Keizer Volcanoes batting - Pitching for Cincinnati (NYP) Reds : RHP Dave Hammertime
Now at SS: James Himes
Now in LF: Felipe Pineda
Now in CF: Pablo Ordonez
Batting: LHB Gabe Velez 0-0: Ball
1-0: Foul Ball, location: 2F
1-1: Ball
2-1: Ball
3-1: SINGLE (Line Drive, 8RM, EV 96.9 MPH)
Batting: RHB Omar Jordan
Pinch Hitting: RHB David Andrews 0-0: Ball
1-0: Swinging Strike
1-1: Fly out, F9 (Flyball, 89S, EV 85.0 MPH)
Batting: SHB David Barona 0-0: Grounds into double play, 4-6-3 (Groundball, 34D, EV 106.9 MPH)
Top of the 9th over - 0 runs, 1 hit, 0 errors, 0 left on base; Salem-Keizer 8 - Cincinnati (NYP) 1
BOTTOM OF THE 9TH
Cincinnati (NYP) Reds batting - Pitching for Salem-Keizer Volcanoes : RHP Dylan Mosley
Now at 1B: David Andrews
Pinch Hitting: RHB Danny Pontius 0-0: Foul Ball, location: 2F
0-1: Ball
1-1: Ball
2-1: Ball
3-1: Base on Balls
Pinch Hitting: RHB Joe Kooyers 0-0: Ball
1-0: Foul Ball, location: 2F
1-1: Called Strike
1-2: Ball
2-2: SINGLE (Line Drive, 34, EV 98.1 MPH)
Danny Pontius to second
Pinch Hitting: RHB Rongo Olopoto 0-0: Ball
1-0: Swinging Strike
1-1: Foul Ball, location: 2F
1-2: Ball
2-2: Ball
3-2: Base on Balls
Danny Pontius to third
Joe Kooyers to second
Pitching: RHP Damian Molina
Pinch Hitting: SHB Alex Morales 0-0: Called Strike
0-1: Called Strike
0-2: Strikes out looking
Batting: LHB Brian Snyder 0-0: Ball
1-0: Ball
2-0: Called Strike
2-1: Foul Ball, location: 2F
2-2: Foul Ball, location: 2F
2-2: SINGLE (Line Drive, 78S, EV 97.5 MPH)
Danny Pontius scores
Joe Kooyers to third
Rongo Olopoto to second
Batting: SHB Plácido Barrrenho 0-0: Called Strike
0-1: Ball
1-1: Ball
2-1: DOUBLE (Flyball, 8RXD, EV 104.4 MPH)
Joe Kooyers scores
Rongo Olopoto scores
Brian Snyder to third
Pitching: LHP Caleb Mullinax
Batting: RHB Felipe Pineda 0-0: Called Strike
0-1: Swinging Strike
0-2: Strikes out swinging
Pinch Hitting: RHB Dave Ruiz 0-0: Ball
1-0: Swinging Strike
1-1: SINGLE (Line Drive, 89S, EV 101.2 MPH)
Brian Snyder scores
Plácido Barrrenho to third
Pinch Hitting: RHB Pat McCoy 0-0: Ball
1-0: Swinging Strike
1-1: Foul Ball, location: 2F
1-2: Ball
2-2: Ball
3-2: Strikes out swinging
Bottom of the 9th over - 4 runs, 4 hits, 0 errors, 2 left on base; Salem-Keizer 8 - Cincinnati (NYP) 5
Wednesday, June 22nd , 2022 - OOTP Baseball 23.4 Build 64